 Dungeon Crawl Stone Soup version 0.29.1-2-gbd0b4ee654 (webtiles) character file.

Game seed: 3502642398883055262

991 mcbry74 the Cleaver (level 8, -1/70 HPs)
             Began as a Hill Orc Fighter on Nov 2, 2022.
             Slain by a quokka (2 damage)
             ... summoned by Eustachio
             ... on level 4 of the Dungeon.
             The game lasted 00:08:47 (3590 turns).

mcbry74 the Cleaver (Hill Orc Fighter)              Turns: 3590, Time: 00:08:48

Health: -1/70      AC:  7    Str: 21    XL:     8   Next: 18%
Magic:  8/8        EV: 10    Int:  8    God:
Gold:   233        SH:  8    Dex: 10    Spells: 7/7 levels left

rFire   + . .      SeeInvis .   a - +0 war axe
rCold   . . .      Faith    .   c - +3 buckler
rNeg    . . .      Spirit   .   g - +0 ring mail {rF+}
rPois   .          Reflect  .   (no helmet)
rElec   .          Harm     .   (no cloak)
rCorr   .          Rampage  .   e - +0 pair of gloves
Will    .....                   (no boots)
Stlth   ..........              (no amulet)
HPRegen 0.21/turn               (no ring)
MPRegen 0.11/turn               (no ring)

@: no status effects
A: no striking features
a: no special abilities


You were on level 4 of the Dungeon.
You visited 1 branch of the dungeon, and saw 4 of its levels.

You collected 233 gold pieces.

Inventory:

Hand Weapons
 a - a +0 war axe (weapon)
 i - a +2 short sword of venom
 r - a +1 mace of holy wrath
Missiles
 h - 3 atropa-tipped darts
 j - 10 poisoned darts (quivered)
 s - a boomerang
Armour
 b - a +0 scale mail
 c - a +3 buckler (worn)
 e - a +0 pair of gloves (worn)
 g - a +0 ring mail of fire resistance (worn)
 v - an orb of energy
Wands
 u - a wand of digging (6)
Scrolls
 d - a scroll of identify
 f - a scroll of butterflies {unknown}
 m - 2 scrolls of poison {unknown}
 n - 2 scrolls of vulnerability {unknown}
 p - a scroll of fear {unknown}
 t - a scroll of teleportation {unknown}
Potions
 k - 3 potions of attraction
 l - a potion of heal wounds {unknown}
 o - 2 potions of brilliance {unknown}
 q - a potion of degeneration {unknown}
 w - a potion of curing


   Skills:
 + Level 6.1 Fighting
 * Level 8.0 Axes
 + Level 5.5 Armour
 + Level 5.5 Shields


You had 7 spell levels left.
You didn't know any spells.
Your spell library contained the following spells:

 Spells                   Type           Power      Damage    Failure   Level
 Magic Dart               Conj           0%         1d3       65%         1
 Sandblast                Erth           0%         2d4       65%         1
 Slow                     Hex            0%         N/A       65%         1
 Call Imp                 Summ           0%         N/A       78%         2
 Passwall                 Tmut/Erth      0%         N/A       78%         2
 Searing Ray              Conj           0%         2d4       78%         2
 Confusing Touch          Hex            0%         N/A       95%         3
 Mephitic Cloud           Conj/Pois/Air  0%         N/A       95%         3
 Stone Arrow              Conj/Erth      0%         3d7       95%         3
 Fulminant Prism          Conj/Hex       0%         3d6       100%        4
 Ice Form                 Ice/Tmut       0%         N/A       100%        4
 Metabolic Englaciation   Hex/Ice        0%         N/A       100%        5
 Chain Lightning          Conj/Air       0%         N/A       100%        9
 Fire Storm               Conj/Fire      0%         5d1       100%        9
 Shatter                  Erth           0%         3d5*      100%        9


Dungeon Overview and Level Annotations

Branches:
Dungeon (4/15)
 Temple: D:4-7

Altars:

Shops:
D:4 (

Annotations:
D:4 Eustachio


Message History

You hit Eustachio.
Eustachio is almost dead.
Eustachio closely misses you. Eustachio hits you with a +0 falchion.
* * * LOW HITPOINT WARNING * * *
You hit Eustachio.
Eustachio is almost dead.
You block Eustachio's attack.
You barely miss Eustachio.
Eustachio is almost dead.
Eustachio closely misses you.
You hit Eustachio but do no damage.
Eustachio is almost dead.
Eustachio brags, "I can call spirits from the vasty deep."
Eustachio casts a spell.
You closely miss Eustachio.
Eustachio is almost dead.
You hit the white imp.
Eustachio gestures wildly while chanting.
The white imp gestures at you. The puff of frost hits you!
* * * LOW HITPOINT WARNING * * *
You miss Eustachio.
Eustachio is almost dead.
You barely miss the ufetubus. You hit the white imp.
The ufetubus hits you but does no damage.
You block the ufetubus's attack. Eustachio hits you with a +0 falchion.
* * * LOW HITPOINT WARNING * * *
The white imp hits you but does no damage.
The ufetubus hits you.
* * * LOW HITPOINT WARNING * * *
The ufetubus hits you but does no damage.
You barely miss Eustachio.
Eustachio is almost dead.
You hit the ufetubus. You hit the white imp but do no damage.
You hit the quokka but do no damage.
The ufetubus hits you but does no damage.
The ufetubus closely misses you.
Eustachio casts a spell.
The quokka bites you.
You die...

....##..................
....###.................
.#.##.#.................
##......................
.#.######...............
...#..###...............
.......####.............
.........##.............
##........#....5@.......
#.....###......5@r......
#......#....#...r.......
#.#.#..#....##b...b.....
#.#.#..#.....##.........
##..#...#...............
#.###...[..............
### ###.......#...#....
#.#....## ..#


You could see Eustachio, a white imp (summoned), an ufetubus (summoned), a
quokka (summoned), 2 bats and a rat (summoned).

Vanquished Creatures
  Pikel (D:4)
  Grinder (D:4)
  An ogre (D:4)
  A lemure (D:3)
  A scorpion (D:4)
  2 orc priests (D:3)
  4 adders
  2 worms
  A dart slug (D:3)
  8 orcs
  3 bats
  10 endoplasms
  3 giant cockroaches
  3 goblins
  5 hobgoblins (D:2)
  2 jackals (D:3)
  8 kobolds
  2 quokkas (D:3)
  9 ball pythons
  2 frilled lizards
  5 rats
74 creatures vanquished.

Notes
Turn   | Place    | Note
-------+----------+-------------------------------------------
     0 | D:1      | mcbry74 the Hill Orc Fighter began the quest for the Orb.
     0 | D:1      | Reached XP level 1. HP: 19/19 MP: 1/1
   110 | D:1      | Reached skill level 3 in Axes
   127 | D:1      | Reached XP level 2. HP: 24/27 MP: 2/2
   443 | D:1      | Found a faded altar of an unknown god.
   754 | D:2      | Reached XP level 3. HP: 33/33 MP: 3/3
  1217 | D:2      | Reached skill level 4 in Axes
  1373 | D:3      | Reached XP level 4. HP: 40/40 MP: 4/4
  1957 | D:3      | Reached XP level 5. HP: 47/47 MP: 5/5
  1969 | D:3      | Reached skill level 5 in Axes
  2783 | D:4      | Noticed a lemure
  2783 | D:4      | Noticed a lemure
  2797 | D:4      | Noticed an ogre
  2797 | D:4      | Noticed a lemure
  2798 | D:4      | Noticed a lemure
  2923 | D:3      | Killed a lemure
  3127 | D:4      | Noticed Pikel
  3137 | D:4      | Killed Pikel
  3138 | D:4      | Reached skill level 5 in Fighting
  3138 | D:4      | Reached skill level 7 in Axes
  3138 | D:4      | Reached skill level 5 in Armour
  3138 | D:4      | Reached skill level 5 in Shields
  3138 | D:4      | Reached XP level 6. HP: 36/56 MP: 6/6
  3138 | D:4      | Reached XP level 7. HP: 39/61 MP: 7/7
  3287 | D:4      | Got the Spellbook of Guile and Metamorphosis
  3292 | D:4      | Noticed Grinder
  3292 | D:4      | Noticed Eustachio
  3332 | D:4      | Paralysed by Grinder for 2 turns
  3348 | D:4      | Killed Grinder
  3349 | D:4      | Reached skill level 8 in Axes
  3349 | D:4      | Reached XP level 8. HP: 46/70 MP: 8/8
  3491 | D:4      | Found Woef's Weapon Emporium.
  3589 | D:4      | HP: 1/70 [ufetubus[Eustachio] (4)]
  3590 | D:4      | Slain by a quokka

Illustrated notes

Levels and vault maps discovered:
D:1:      doesnt_arrival_eight_statues, layout_rooms,
          hellmonk_ecumenical_altar_slurped_away
D:2:      layout_loops_ring
D:3:      layout_loops_cross
D:4:      layout_cave_pools, gammafunk_temple_overflow_arena, serial_shops,
          nicolae_shop_bloodbath_and_beyond, uniq_ijyb, uniq_eustachio,
          uniq_pikel, uniq_grinder

Skill      XL: |  1  2  3  4  5  6  7 |
---------------+----------------------+-----
Axes           | 3 4 7 8 |  8.0
Fighting       | 4 5 6 |  6.1
Armour         | 4 5 |  5.5
Shields        | 4 5 |  5.5

Action                   |  1- 3 |  4- 6 |  7- 9 || total
-------------------------+-------+-------+-------++-------
Melee: War axe           |   106 |    85 |    62 ||   253
  Use: Scroll            |     4 |       |       ||     4
       Potion            |       |     1 |       ||     1
Armor: Scale mail        |     7 |       |       ||     7
       Ring mail         |    26 |    42 |    11 ||    79
Dodge: Dodged            |    53 |    57 |    17 ||   127
Block: Buckler           |    36 |    59 |    19 ||   114
